AoeStats
← スカムバッグ

Fortress

507533251Analyzed
4v4 RM · 13d ago on Sep 18, 2026· 57m 52s· 8 players
Game mode
Random Map
Map size
Huge
Population
200
Speed
Normal
Resources
Standard
Victory
Conquest
Starting age
Dark Age
Ending age
Imperial Age
RankedLock teamsTeams togetherTeam positionsShared explorationLock speedFull tech treeHidden civsTurbo modeCheats
Victory
Defeat
🇹🇷 Khmer · Türkiye
1059
+13
🇨🇳 Franks · China
1012
+15
🇹🇼 Slavs · Taiwan
975
+16
🇺🇸 Magyars · United States
951
+17
🇸🇰 Tatars · Slovakia
997
-16
🇨🇿 Turks · Czechia
996
-16
🇵🇱 Franks · Poland
988
-15
🇹🇷 Franks · Türkiye
960
-14
tosunpaşa
8:57 Feudal Age
8:25 Loom
10:06 Double-Bit Axe
12:11 Stone Mining
14:43 Castle Age
15:10 Gold Mining
21:02 Town Watch
22:28 Wheelbarrow
23:42 Gold Shaft Mining
27:35 Hand Cart
30:10 Bow Saw
30:39 Husbandry
34:21 Imperial Age
32:31 #83
32:48 Scale Mail Armor
32:15 Pikeman
32:55 Squires
34:05 Chain Mail Armor
34:25 Halberdier
38:29 Town Patrol
46:41 Forging
48:12 Arson
49:06 Iron Casting
49:03 Plate Mail Armor
51:20 Blast Furnace
mateusz.czeczot2
7:58 Feudal Age
8:36 Double-Bit Axe
13:43 Castle Age
16:18 Bow Saw
20:15 Gold Mining
23:07 Gold Shaft Mining
26:14 Imperial Age
24:17 Forging
24:13 Scale Barding Armor
24:10 Husbandry
26:09 Iron Casting
26:14 Caravan
27:17 Conscription
26:19 Cavalier
28:22 Chain Barding Armor
29:03 Blast Furnace
27:53 Paladin
32:32 Plate Barding Armor
43:00 Squires
42:30 Pikeman
43:55 Halberdier
45:07 Scale Mail Armor
46:26 Chain Mail Armor
48:07 Plate Mail Armor
Aballion
1:18 Loom
6:23 Feudal Age
8:31 Double-Bit Axe
8:28 Horse Collar
14:39 Castle Age
15:37 Fletching
22:52 Treadmill Crane
23:24 Fortified Wall
23:09 Murder Holes
25:55 Bloodlines
25:45 Husbandry
26:20 Bodkin Arrow
27:11 Bow Saw
28:21 Ballistics
27:57 Murder Holes
34:11 Imperial Age
32:22 Wheelbarrow
31:51 Heavy Plow
32:01 Gold Mining
32:02 Stone Mining
32:24 Masonry
33:06 Caravan
33:26 Scale Barding Armor
33:52 Hand Cart
35:46 Elite Steppe Lancer
36:45 Forging
37:36 Crop Rotation
38:17 Iron Casting
38:03 Chain Barding Armor
40:37 Blast Furnace
41:20 Chemistry
40:28 Siege Engineers
スカムバッグ
7:14 Feudal Age
11:52 Castle Age
12:19 Forging
18:03 Horse Collar
24:15 Imperial Age
23:28 Scale Mail Armor
24:33 Wheelbarrow
24:34 Double-Bit Axe
25:38 Heavy Plow
26:33 Padded Archer Armor
26:55 Hand Cart
30:25 Elite Janissary
32:21 Fortified Wall
38:24 Leather Archer Armor
40:41 Ring Archer Armor
DigitalSixteen
7:58 Feudal Age
9:34 Double-Bit Axe
12:02 Castle Age
10:31 Horse Collar
15:01 Bow Saw
19:59 Wheelbarrow
19:11 Loom
19:12 Town Watch
21:50 Scale Barding Armor
22:29 Hand Cart
22:56 Heavy Plow
23:54 Gold Mining
24:57 Husbandry
25:43 Gold Shaft Mining
27:00 Stone Mining
27:35 Bloodlines
26:45 Light Cavalry
29:17 Chain Barding Armor
28:48 Fletching
28:58 Padded Archer Armor
31:56 Imperial Age
30:19 Elite Skirmisher
31:04 Thumb Ring
30:43 Treadmill Crane
31:24 Ballistics
31:15 Masonry
31:03 Bodkin Arrow
31:24 Leather Archer Armor
33:48 Chemistry
32:11 Heavy Cavalry Archer
33:17 Parthian Tactics
32:55 Bracer
33:26 Ring Archer Armor
33:21 Town Patrol
33:46 Conscription
32:57 Capped Ram
34:04 Caravan
35:54 Scale Mail Armor
37:22 Plate Barding Armor
37:18 Chain Mail Armor
36:47 Pikeman
37:14 Arson
37:38 Halberdier
38:42 Elite Magyar Huszar
40:30 Hoardings
42:29 Two-Man Saw
43:02 Corvinian Army
45:19 Recurve Bow
45:47 Siege Engineers
51:59 Hussar
52:01 Cavalier
52:42 Murder Holes
52:37 Heated Shot
52:38 Guard Tower
52:18 Man-at-Arms
52:35 Sappers
53:40 Crop Rotation
53:44 Coinage
Zortopos
4:09 Loom
6:43 Feudal Age
7:08 Double-Bit Axe
13:00 Castle Age
11:40 Horse Collar
14:26 Bow Saw
15:57 Bow Saw
18:21 Gold Mining
18:24 Fletching
21:04 Town Watch
23:11 Wheelbarrow
24:23 Husbandry
24:34 Bloodlines
28:07 Imperial Age
26:49 Stone Mining
26:56 Bodkin Arrow
27:01 Padded Archer Armor
27:11 Forging
27:07 Scale Barding Armor
28:16 Gold Shaft Mining
28:04 Ballistics
27:40 Murder Holes
27:55 Masonry
28:32 Hand Cart
29:12 Conscription
29:57 Chemistry
29:48 Bracer
30:04 Leather Archer Armor
30:24 Iron Casting
29:54 Scale Barding Armor
29:22 Light Cavalry
31:14 Siege Engineers
31:13 Elite Skirmisher
32:20 Double Crossbow
34:18 Blast Furnace
33:23 Scale Barding Armor
34:47 Elite Ballista Elephant
34:49 Pikeman
37:18 Architecture
36:47 Halberdier
39:12 Scale Barding Armor
42:20 Tusk Swords
41:42 Heavy Scorpion
42:54 Elite Battle Elephant
44:14 Caravan
48:53 Chain Barding Armor
49:12 Ring Archer Armor
49:48 Heavy Plow
57:37 Spies/Treason
心焰2
7:41 Feudal Age
9:19 Double-Bit Axe
11:46 Castle Age
13:10 Bow Saw
18:42 Wheelbarrow
19:06 Gold Mining
21:24 Stone Mining
26:07 Imperial Age
24:21 Gold Shaft Mining
24:33 Hand Cart
24:41 Scale Barding Armor
25:20 Forging
25:40 Loom
25:41 Town Watch
26:19 Chain Barding Armor
26:48 Iron Casting
26:11 Cavalier
26:51 Husbandry
26:58 Chivalry
27:19 Conscription
28:33 Plate Barding Armor
27:31 Paladin
28:52 Plate Barding Armor
29:47 Blast Furnace
31:16 Light Cavalry
31:58 Scale Mail Armor
31:49 Fletching
33:08 Caravan
38:45 Chain Mail Armor
38:26 Bodkin Arrow
38:31 Padded Archer Armor
45:21 Leather Archer Armor
45:36 Plate Mail Armor
51:55 Hoardings
53:23 Chemistry
53:18 Town Patrol
57:40 Spies/Treason
Astronomy翔
2:49 Loom
6:48 Feudal Age
11:06 Castle Age
9:45 Horse Collar
9:53 Double-Bit Axe
17:22 Sanctity
17:44 Wheelbarrow
18:45 Gold Mining
21:02 Bow Saw
21:33 Scale Barding Armor
21:45 Forging
23:49 Iron Casting
23:35 Chain Barding Armor
23:19 Heavy Plow
23:58 Gold Shaft Mining
23:15 Stone Mining
23:56 Hand Cart
24:16 Elite Skirmisher
29:15 Imperial Age
27:47 Fletching
27:59 Padded Archer Armor
28:40 Detinets
28:44 Bodkin Arrow
29:00 Town Watch
29:29 Caravan
32:13 Conscription
32:45 Crop Rotation
33:21 Two-Man Saw
32:39 Elite Boyar
34:46 Blast Furnace
34:22 Plate Barding Armor
36:13 Leather Archer Armor
37:34 Ballistics
38:15 Chemistry
37:26 Masonry
40:02 Ring Archer Armor
Connection lost

Rejoining the realm…

Still unreachable

The connection could not be restored.

Session expired

The server has moved on; the page needs a fresh start.